 Dungeon Crawl Stone Soup version 0.30-a0-643-g638baaf3f0 (webtiles) character file.

Game seed: 14681469229188332046

10031 Leeroy the Carver (level 11, -10/57 HPs)
             Began as a Tengu Warper on Jan 16, 2023.
             Was a Follower of Uskayaw.
             Engulfed by a cloud of flame (16 damage)
             ... in a volcano.
             The game lasted 00:46:13 (16047 turns).

Leeroy the Carver (Tengu Warper)                   Turns: 16047, Time: 00:46:14

Health: -10/57     AC: 15    Str: 12    XL:     11   Next: 55%
Magic:  1/26       EV: 20    Int: 14    God:    Uskayaw [*.....]
Gold:   836        SH:  0    Dex: 17    Spells: 11/30 levels left

rFire   . . .      SeeInvis .    R - +7 scimitar (freeze)
rCold   . . .      Faith    +    (no shield)
rNeg    . . .      Spirit   .    k - +2 robe {Will+}
rPois   .          Reflect  .    v - +2 hat
rElec   .          Harm     .    M - +2 cloak
rCorr   .          Rampage  .    U - +1 pair of gloves {infuse}
Will    +....                    (boots unavailable)
Stlth   ++                       y - amulet of faith
HPRegen 0.29/turn                (no ring)
MPRegen 0.20/turn                H - +4 ring of protection

@: flying quickly and evasively, very slightly contaminated, quick
A: beak, talons 3, nimble flight
a: Renounce Religion, Stomp


You were in a volcano.
You worshipped Uskayaw.
Uskayaw was noncommittal.
You visited 3 branches of the dungeon, and saw 11 of its levels.
You also visited: Volcano.

You collected 886 gold pieces.
You spent 50 gold pieces at shops.

Inventory:

Hand Weapons
 e - a +0 great sword
 i - a +2 short sword of flaming
 r - a +0 dire flail of flaming
 C - a +2 dagger of protection
 F - a +0 dagger of freezing
 L - a +2 quarterstaff of chaos
 N - a +0 long sword
 R - a +7 scimitar of freezing (weapon)
 T - a +2 dagger of venom
Missiles
 h - 2 boomerangs (quivered)
 o - 18 poisoned darts
 G - 7 curare-tipped darts
 Y - a throwing net
Armour
 a - +0 steam dragon scales
 b - a +0 leather armour
 k - a +2 robe of willpower (worn)
 n - the +1 robe "Ynluaw" {Int+2}
   (You found it on level 3 of the Dungeon)

   Int:       It affects your intelligence (+2).
 v - a +2 hat (worn)
 B - a +0 pair of gloves
 K - a +0 buckler
 M - a +2 cloak (worn)
 Q - +0 acid dragon scales
 S - the +1 leather armour "Roehaasid" {Fly rC+ Regen+}
   (You found it on level 7 of the Dungeon)

   rC:        It protects you from cold.
   Fly:       It grants you flight.
   Regen:     It increases your rate of health regeneration.
 U - a +1 pair of gloves of infusion (worn)
Jewellery
 y - an amulet of faith (around neck)
 A - a ring of ice
 H - a +4 ring of protection (right hand)
 O - a ring of ice
Scrolls
 g - 2 scrolls of immolation
 j - 2 scrolls of magic mapping
 l - a scroll of poison
 m - 3 scrolls of fog
 D - 2 scrolls of noise
 E - a scroll of fear
 J - 4 scrolls of teleportation
Potions
 p - 2 potions of curing
 q - a potion of flight
 s - a potion of haste
 t - a potion of degeneration {unknown}
 u - 2 potions of cancellation {unknown}
 z - a potion of attraction {unknown}
 I - 4 potions of lignification
 W - a potion of heal wounds {unknown}
 X - 2 potions of invisibility {unknown}


   Skills:
 - Level 2.0 Fighting
 + Level 13.2 Long Blades
 - Level 1.0 Throwing
 - Level 1.1 Armour
 - Level 8.1 Dodging
 - Level 10.1 Spellcasting
 - Level 0.2 Conjurations
 - Level 3.3 Translocations
 - Level 0.2 Fire Magic
 - Level 1.0 Evocations


You had 11 spell levels left.
You knew the following spells:

 Your Spells              Type           Power      Damage    Failure   Level
a - Blink                 Tloc           32%        N/A       4%          2
b - Vhi's Electric Charg  Tloc/Air       22%        N/A       16%         3
c - Teleport Other        Tloc           16%        N/A       8%          3
d - Manifold Assault      Tloc           16%        N/A       26%         4
e - Flame Wave            Conj/Fire      7%         2d5       67%         4
f - Scorch                Fire           14%        2d5       14%         2
g - Summon Small Mammal   Summ           28%        N/A       11%         1

Your spell library contained the following spells:

 Spells                   Type           Power      Damage    Failure   Level
 Apportation              Tloc           32%        N/A       2%          1
 Lesser Beckoning         Tloc           32%        N/A       4%          2
 Necrotise                Necr           28%        1d5       11%         1
 Summon Cactus Giant      Summ           3%         N/A       100%        6
 Storm Form               Tmut/Air       3%         N/A       100%        7


Dungeon Overview and Level Annotations

Branches:
Dungeon (9/15)             Temple (1/1) D:5             Orc (1/2) D:9
Volcano (1/1)
   Lair: D:8-11

Altars:
Ashenzari
Cheibriados
Dithmenos
Elyvilon
Fedhas
Gozag
Hepliaklqana
Kikubaaqudgha
Makhleb
Nemelex Xobeh
Qazlal
Ru
Sif Muna
Trog
Uskayaw
Vehumet
Wu Jian
Xom
Yredelemnul
Zin
The Shining One

Shops:
D:8 *

Annotations:
D:6 3 runed translucent doors, dunno567's ghost, novice NaTm
Orc:1 Harold


Innate Abilities, Weirdness & Mutations

You have a beak for a mouth.
You have claws for feet.
Your magical nature lets you fly swiftly and evasively.


Message History

Your bat hits the skeletal warrior but does no damage.
You can now stomp with the beat.
Casting: Scorch (safe; 14% risk of failure)
Confirm with . or Enter, or press ? or * to list all spells.
You miscast Scorch.
You are very lightly contaminated with residual magic.
Nothing appears to happen.
Your bat hits the skeletal warrior but does no damage.
Casting: Scorch (safe; 14% risk of failure)
Confirm with . or Enter, or press ? or * to list all spells.
Nothing appears to happen.
Your bat barely misses the skeletal warrior.
Casting: Scorch (safe; 14% risk of failure)
Confirm with . or Enter, or press ? or * to list all spells.
Flames lash the skeletal warrior.
The skeletal warrior is burned terribly!
The skeletal warrior is almost destroyed.
Your bat hits the skeletal warrior but does no damage.
Your bat hits the skeletal warrior but does no damage.
The skeletal warrior hits your bat with a +1 great sword of flaming!!
The skeletal warrior burns your bat.
Your bat dies!
Your bat's corpse disappears in a puff of smoke!
Casting: Scorch (safe; 14% risk of failure)
Confirm with . or Enter, or press ? or * to list all spells.
You miscast Scorch.
Nothing appears to happen.
Casting: Scorch (safe; 14% risk of failure)
Confirm with . or Enter, or press ? or * to list all spells.
Flames lash the skeletal warrior but do no damage.
Casting: Scorch (safe; 14% risk of failure)
Confirm with . or Enter, or press ? or * to list all spells.
You miscast Scorch.
Nothing appears to happen.
The air gets thick with the scent of sulphur.
Okay, then.
Casting: Scorch (safe; 14% risk of failure)
Confirm with . or Enter, or press ? or * to list all spells.
You don't have enough magic to cast this spell.
In the distance, the volcano erupts with a roar.
You are engulfed in blazing flames.
You die...

##### ###.....§..... #...#
###○§☼.§.§§≈§≈§. ###.∩.##
###○○☼☼...§§≈§≈§§≈
##......########○☼○☼§§§§.≈§≈≈≈§≈≈
..........##z☼☼☼☼☼§○§○○§≈≈§≈≈§≈≈§
##.#..#.###○○○☼°○○○§○§≈≈≈≈≈≈§§≈≈§
#....))'○○○☼☼○☼○○☼§§§☼°§≈§§§≈§≈§
##.#..#.###☼§○○☼☼§☼§°○§§≈§§§§§≈≈≈
........).##.#○☼@○○○○☼○○§≈≈§≈≈§§≈
##......######○☼○○○☼☼○§☼≈≈≈§≈≈8≈≈
##.##.## ##§○°○§§○☼○≈≈§8≈≈≈≈≈
#.##.# ##☼☼○§☼○°☼≈≈≈§≈≈≈≈≈
###.##.### ##○☼○§○○§≈8≈§≈≈≈≈≈
#...##...# ###○§§§☼≈§≈§°°°≈≈
#...##...# ##§○≈≈≈§§8°°≈°°
'...##...# ##○○≈≈≈°°≈°8§○
########## ##≈≈§≈§≈○≈☼§°


You could see a skeletal warrior (combustible).

Vanquished Creatures
  A skeletal warrior (Volcano)
  Pikel (D:5)
  An anaconda skeleton (Volcano)
  3 gargoyles (Volcano)
  Maggie (D:7)
  An unseen horror (D:7)
  A troll (D:9)
  Prince Ribbit (D:8)
  3 harpy skeletons (Volcano)
  Grinder (D:4)
  Sigmund (D:2)
  2 flying skulls (Volcano)
  A shadow (D:6)
  2 wyverns
  A wraith (D:9)
  An alligator skeleton (Volcano)
  Eustachio (D:5)
  3 steam dragons
  Grum (D:9)
  Menkaure (D:5)
  A water moccasin (D:7)
  2 orc warriors
  4 ice beasts
  A black bear (D:4)
  2 sky beasts
  2 ogres
  A centaur (D:5)
  2 wolves (D:9)
  2 lemures (D:5)
  2 phantoms
  Blork the orc (D:4)
  2 kobold brigands
  6 bullfrogs
  2 necrophages (D:6)
  A gnoll sergeant (D:8)
  3 scorpions
  9 wights
  2 killer bees (D:8)
  3 spriggan skeletons (Volcano)
  A troll skeleton (Volcano)
  2 howler monkeys
  3 hounds (D:6)
  2 orc priests
  3 jellies
  Crazy Yiuf (D:2)
  Jessica (D:2)
  5 iguanas
  8 orc wizards
  2 naga skeletons (Volcano)
  9 gnolls
  5 adders
  2 white imps
  2 ufetubi (D:6)
  5 worms
  6 dart slugs
  19 orcs
  6 endoplasms
  6 giant cockroaches
  3 hobgoblins
  4 quokkas
  9 ball pythons
  3 frilled lizards
  6 goblins
  14 kobolds
  4 rats
207 creatures vanquished.

Vanquished Creatures (others)
  An ufetubus (D:5)
1 creature vanquished.

Grand Total: 208 creatures vanquished

Notes
Turn   | Place    | Note
-------+----------+-------------------------------------------
     0 | D:1      | Leeroy the Tengu Warper began the quest for the Orb.
     0 | D:1      | Reached XP level 1. HP: 12/12 MP: 4/4
   127 | D:1      | Reached skill level 3 in Long Blades
   127 | D:1      | Reached XP level 2. HP: 17/17 MP: 6/6
   492 | D:1      | Reached XP level 3. HP: 4/21 MP: 7/7
  2759 | D:2      | Learned a level 2 spell: Blink
  2763 | D:2      | Learned a level 3 spell: Vhi's Electric Charge
  3081 | D:2      | Noticed Jessica
  3093 | D:2      | Killed Jessica
  3094 | D:2      | Reached XP level 4. HP: 8/26 MP: 8/8
  3389 | D:2      | Noticed Sigmund
  3464 | D:3      | Identified the +1 robe "Ynluaw" {Int+2}
  3486 | D:3      | You fall into a shaft and drop 1 floor!
  3715 | D:3      | Found a stormy altar of Qazlal.
  3715 | D:3      | Found a radiant altar of Vehumet.
  4032 | D:4      | Noticed an ogre
  4057 | D:4      | Noticed Grinder
  4420 | D:3      | Learned a level 3 spell: Teleport Other
  4439 | D:4      | Killed Grinder
  4440 | D:4      | Gained mutation: Your magical nature lets you fly swiftly
                  | and evasively. [Tengu growth]
  4440 | D:4      | Reached XP level 5. HP: 5/30 MP: 8/11
  4440 | D:4      | Reached XP level 6. HP: 6/35 MP: 8/12
  4560 | D:3      | Learned a level 4 spell: Manifold Assault
  4580 | D:4      | Noticed Blork the orc
  4590 | D:4      | Killed Blork the orc
  4832 | D:4      | Noticed a black bear
  4835 | D:5      | Entered Level 5 of the Dungeon
  5116 | D:4      | Reached skill level 5 in Dodging
  5116 | D:4      | Reached XP level 7. HP: 40/40 MP: 14/14
  5707 | D:5      | HP: 2/40 [gnoll/+0 halberd (13)]
  5869 | D:5      | Noticed Menkaure
  6308 | D:5      | Reached XP level 8. HP: 37/44 MP: 15/15
  6459 | D:5      | Reached skill level 4 in Long Blades
  6525 | D:5      | Found an opulent altar of Gozag.
  6531 | D:5      | Noticed a wyvern
  6804 | D:5      | Reached skill level 5 in Long Blades
  6887 | D:5      | Noticed Eustachio
  6911 | D:5      | Reached skill level 6 in Long Blades
  6920 | D:5      | Killed Eustachio
  7154 | D:5      | Reached skill level 7 in Long Blades
  7181 | D:5      | Found a staircase to the Ecumenical Temple.
  7190 | Temple   | Entered the Ecumenical Temple
  7240 | Temple   | Became a worshipper of Uskayaw the Reveller
  7299 | D:5      | Reached * piety under Uskayaw
  7303 | D:5      | Reached ** piety under Uskayaw
  7315 | D:5      | Killed a wyvern
  7667 | D:5      | Killed Menkaure
  7667 | D:5      | Reached *** piety under Uskayaw
  7668 | D:5      | Reached skill level 5 in Spellcasting
  7668 | D:5      | Reached XP level 9. HP: 48/48 MP: 16/18
  7946 | D:2      | Found a runed translucent door.
  7947 | D:2      | Noticed Crazy Yiuf
  8908 | D:2      | Killed Sigmund
  9057 | D:2      | Killed Crazy Yiuf
  9126 | D:3      | Learned a level 4 spell: Flame Wave
  9753 | D:6      | Found a runed translucent gate.
  9968 | D:6      | Noticed Pikel
 10120 | D:5      | Reached **** piety under Uskayaw
 10121 | D:5      | Killed Pikel
 10207 | D:6      | Found an ancient bone altar of Kikubaaqudgha.
 10344 | D:6      | Reached ***** piety under Uskayaw
 10507 | D:6      | Found a runed translucent gate.
 10507 | D:6      | Found a runed translucent gate.
 10508 | D:6      | Noticed dunno567's ghost (novice NaTm)
 10508 | D:6      | Noticed a kobold demonologist
 10864 | D:7      | Noticed Maggie
 10870 | D:7      | Killed Maggie
 10871 | D:7      | Reached skill level 1 in Evocations
 10871 | D:7      | Reached XP level 10. HP: 26/53 MP: 16/24
 10993 | D:7      | Found a shimmering altar of Xom.
 11333 | D:7      | Killed an unseen horror
 11334 | D:7      | Reached skill level 10 in Spellcasting
 11676 | D:7      | Identified the +1 leather armour "Roehaasid" {Fly rC+
                  | Regen+}
 12622 | D:7      | Reached skill level 8 in Long Blades
 13040 | D:8      | Reached ****** piety under Uskayaw
 13102 | D:8      | Found Tuysemn's Assorted Antiques.
 13156 | D:8      | Reached skill level 9 in Long Blades
 13414 | D:8      | Noticed Prince Ribbit
 13426 | D:8      | Killed Prince Ribbit
 13470 | D:8      | Bought a scroll of identify for 50 gold pieces
 13716 | D:9      | Noticed Grum
 13736 | D:9      | Killed Grum
 13890 | D:9      | Reached skill level 10 in Long Blades
 14001 | D:9      | Found a staircase to the Orcish Mines.
 14251 | D:9      | Reached XP level 11. HP: 40/57 MP: 24/26
 14575 | D:9      | Reached skill level 11 in Long Blades
 14782 | D:9      | Found a snail-covered altar of Cheibriados.
 14881 | Orc:1    | Entered Level 1 of the Orcish Mines
 14889 | Orc:1    | Found a dark tunnel.
 14900 | Orc:1    | Noticed Harold
 14905 | Volcano  | Entered a volcano
 15121 | Volcano  | Reached skill level 12 in Long Blades
 15416 | Volcano  | Noticed a skeletal warrior
 15448 | Volcano  | Killed a skeletal warrior
 15647 | Volcano  | Reached skill level 13 in Long Blades
 15799 | Volcano  | Noticed a skeletal warrior
 15891 | Volcano  | Learned a level 2 spell: Scorch
 16008 | Volcano  | Learned a level 1 spell: Summon Small Mammal
 16032 | Volcano  | HP: 2/57 [skeletal warrior/+1 great sword of flaming (7)]
 16047 | Volcano  | Engulfed by a cloud of flame

Illustrated notes

Levels and vault maps discovered:
D:1:      amcnicky_arrival_blooded_trapdoor, layout_basic
D:2:      layout_basic, uniq_crazy_yiuf_cottage, uniq_jessica, uniq_sigmund
D:3:      layout_basic, mainiacjoe_overflow_large_starburst, st_stairs_8,
          glass_columns_a
D:4:      layout_rooms, uniq_grinder, uniq_blork_the_orc
D:5:      layout_loops_ring, nicolae_gozag_seed_capital, temple_hall,
          amcnicky_mini_pool_medium, uniq_eustachio, uniq_menkaure
D:6:      layout_loops_corners, kiku_gazebo_garden_becter,
          gammafunk_ghost_nasty_kobolds, uniq_pikel
D:7:      layout_basic, mainiacjoe_overflow_chevrons, uniq_maggie
D:8:      kennysheep_ambush_hall, layout_basic, serial_shops,
          nicolae_inconvenience_store, uniq_prince_ribbit1
D:9:      layout_basic, kennysheep_slug_shrine, orc_0_dummy, uniq_grum
Temple:   hellmonk_temple_two_chambers
Orc:1:    layout_caves, nicolae_volcano_entry_lava_flow, uniq_harold
Volcano:  volcano_tomb [vts_chambers]

Skill      XL: |  1  2  3  4  5  6  7  8  9 10 11 |
---------------+----------------------------------+-----
Long Blades    | 3 7 10 13 | 13.2
Translocations | 3 |  3.3
Dodging        | 4 5 7 8 |  8.1
Spellcasting   | 3 4 5 9 10 | 10.1
Evocations     | 1 |  1.0
Fighting       | |  2.0
Throwing       | |  1.0
Armour         | |  1.1
Conjurations   | |  0.2
Fire Magic     | |  0.2

Action                   |  1- 3 |  4- 6 |  7- 9 | 10-12 || total
-------------------------+-------+-------+-------+-------++-------
Melee: Falchion          |    39 |       |    24 |       ||    63
       Kick              |    13 |    16 |   131 |   159 ||   319
       Peck              |     6 |    23 |    68 |   107 ||   204
       Punch             |     3 |     1 |     5 |     4 ||    13
       Short sword       |    23 |    82 |   302 |   321 ||   728
       Great sword       |       |       |    43 |       ||    43
       Scimitar          |       |       |       |    86 ||    86
Throw: Boomerang         |     2 |     2 |       |    39 ||    43
       Dart              |       |     5 |    14 |     4 ||    23
       Throwing net      |       |       |       |     1 ||     1
 Cast: Blink             |       |     2 |     2 |       ||     4
       Teleport Other    |       |       |     1 |       ||     1
       Vhi's Electric Ch |       |       |     3 |     7 ||    10
       Flame Wave        |       |       |       |     1 ||     1
       Scorch            |       |       |       |    15 ||    15
       Summon Small Mamm |       |       |       |     3 ||     3
       Manifold Assault  |       |       |       |     3 ||     3
Invok: Stomp             |       |       |       |     2 ||     2
Evoke: Wand              |       |       |     3 |    39 ||    42
  Use: Scroll            |       |     1 |     7 |    13 ||    21
       Potion            |       |       |     1 |     5 ||     6
 Stab: Sleeping          |       |     1 |     2 |       ||     3
       Paralysed         |       |       |     6 |    24 ||    30
Armor: Leather armour    |    10 |       |       |       ||    10
       Robe              |       |    18 |    51 |    64 ||   133
       Skin              |       |       |       |     7 ||     7
Dodge: Dodged            |    29 |    50 |   259 |   292 ||   630

Table legend: (Time is in decaauts)
 A = Elapsed time spent in this place.
 B = Non-inter-level travel time spent in this place.
 C = Inter-level travel time spent in this place.
 D = Time resting spent in this place.
 E = Time spent auto-exploring this place.
 F = Levels seen in this place.
 G = Mean time per level.
                   A        B        C        D        E       F      G
               +--------+--------+--------+--------+--------+-----+--------+
         Total |  15356 |  14360 |    996 |   5131 |   6068 |  12 | 1279.7 |
       Dungeon |  14192 |  13202 |    990 |   4779 |   5781 |   9 | 1576.9 |
        Temple |     64 |     58 |      6 |      0 |     41 |   1 |   64.0 |
  Orcish Mines |     20 |     20 |      0 |      0 |      0 |   1 |   20.0 |
       Volcano |   1079 |   1079 |      0 |    352 |    246 |   1 | 1079.0 |
               +--------+--------+--------+--------+--------+-----+--------+

Top non-repeatable levels by time:
     D:1: 2731 daAuts
     D:5: 2486 daAuts
     D:2: 2004 daAuts
     D:7: 1685 daAuts
     D:3: 1339 daAuts
     D:9: 1104 daAuts
 Volcano: 1079 daAuts
     D:6: 960 daAuts
     D:8: 942 daAuts
     D:4: 938 daAuts
  Temple: 64 daAuts
   Orc:1: 20 daAuts
